 Dungeon Crawl Stone Soup version 0.28.0-53-g5a82cb258f (console) character file.

Game seed: 1885936307823455351

37 Faeu the Sneak (level 3, -2/21 HPs)
             Began as a Vampire Enchanter on May 25, 2022.
             Killed from afar by an orc wizard (4 damage)
             ... with a puff of flame
             ... on level 3 of the Dungeon.
             The game lasted 00:05:39 (787 turns).

Faeu the Sneak (Vampire Enchanter)                   Turns: 787, Time: 00:05:39

Health: -2/21      AC:  3    Str:  7    XL:     3   Next: 23%
Magic:  6/6        EV: 12    Int: 17    God:
Gold:   38         SH:  0    Dex: 16    Spells: 6/6 levels left

rFire   . . .      SeeInvis +   a - +1 dagger {short}
rCold   . . .      Faith    .   (no shield)
rNeg    . . .      Spirit   .   h - +0 leather armour
rPois   .          Reflect  .   (no helmet)
rElec   .          Harm     .   (no cloak)
rCorr   .          Rampage  .   (no gloves)
Will    .....                   (no boots)
Stlth   +.........              (no amulet)
HPRegen 0.27/turn               (no ring)
MPRegen 0.10/turn               (no ring)

@: confused, healing quickly
A: alive, fangs 3, see invisible, vampiric 2, [frail 1]
a: Exsanguinate


You were on level 3 of the Dungeon.
You visited 1 branch of the dungeon, and saw 3 of its levels.

You collected 38 gold pieces.


Innate Abilities, Weirdness & Mutations

Your natural rate of healing is accelerated.
You have razor-sharp teeth.
You have supernaturally acute eyesight. (SInv)
You are afflicted with vampirism and can become a bat while bloodless.
[You are frail. (-10% HP)]


   Skills:
 - Level 2.0 Short Blades
 - Level 2.8 Dodging
 + Level 5.6 Stealth
 - Level 2.0 Spellcasting
 - Level 4.4 Hexes


You had 6 spell levels left.
You didn't know any spells.
Your spell library contained the following spells:

 Spells                   Type           Power      Damage    Failure   Level
 Confusing Touch          Hex            16%        N/A       14%         3
 Tukima's Dance           Hex            16%        N/A       14%         3
 Ensorcelled Hibernation  Hex/Ice        18%        N/A       19%         2
 Dazzling Flash           Conj/Hex       18%        N/A       34%         3
 Corpse Rot               Necr/Air       2%         N/A       41%         2
 Dispel Undead            Necr           1%         3d6       96%         4
 Death Channel            Necr           0%         N/A       100%        6

Inventory:

Hand Weapons
 a - a +1 dagger (weapon) {short}
Missiles
 g - 2 stones (quivered) {throwing}
Armour
 b - a +0 robe
 h - a +0 leather armour (worn)
   (You found it on level 1 of the Dungeon)
Magical Staves
 i - a staff of conjuration {!a@e2staff}
   (You found it on level 1 of the Dungeon)
Scrolls
 d - a scroll of fog {unknown}
 e - a scroll of magic mapping {unknown}
 f - 4 scrolls of identify {unknown}
Potions
 c - a potion of invisibility

Dungeon Overview and Level Annotations

Branches:
Dungeon (2/15)

Altars:

.... .. ...
..# ... ...
..# ### #.##
...#.. #P#.#
#.#@#
#P#o#####
######oo...#
#.....o....#
##.........#
#.?.......#
#.........#
...........#
............#
............#
...#####..###


You could see an orc wizard (invisible) and 3 orcs.


Message History

You kill the rat!
The ball python hisses angrily.
The ball python bites you.
The ball python closely misses you. 😕 HP[-3]
You take 3 damage, and now have 18/21 hp. 😕 HP[+1]
You barely miss the ball python. The ball python completely misses you.
The ball python barely misses you.
You barely miss the ball python. The ball python bites you.
The ball python misses you. 😕 HP[-3]
You take 3 damage, and now have 16/21 hp.
You closely miss the ball python. The ball python completely misses you.
The ball python grabs you. The ball python constricts you.
You closely miss the ball python. The ball python bites you.
The ball python constricts you.
You hit the ball python.
You kill the ball python! 😕 HP[+1] 😕 HP[+1]
i - a staff of conjuration {!a@e2staff} Done exploring.
No target in view! 😎 HP[+3] Done exploring.
No target in view!
Done exploring.
No target in view!
Done exploring.
No target in view!
(D) Dungeon
Where to? (? - help)
You enter the shallow water.
Moving in this stuff is going to be slow.
There is a staircase leading out of the dungeon here.
There is a stone staircase leading down here.
You climb downwards.
There is a stone staircase leading up here.
A frilled lizard comes into view.
The helpless frilled lizard fails to defend itself.
You impale the frilled lizard!!
You kill the frilled lizard!
A rat comes into view.
A sourceless malevolence fills the Dungeon...
You fall into a shaft and drop 1 floor!
The shaft crumbles and collapses. 5 orcs and an orc wizard come into view.
The orc shouts! x3; The orc wizard shouts!
You hit the orc but do no damage.
The orc shouts!
The orc barely misses you.
The orc hits you with a +0 dagger. 😕 HP[-1]
You take 1 damage, and now have 20/21 hp.
You hit the orc.
The orc hits you with a +0 dagger. 😕 HP[-3]
You take 3 damage, and now have 17/21 hp.
You hit the orc but do no damage. 😕 HP[+1]
You barely miss the orc. Your bite misses the orc. You closely miss the orc.
The orc barely misses you.
You hit the orc. You bite the orc. The orc hits you but does no damage.
The orc wizard casts a spell.
The orc wizard flickers and vanishes for a moment.
You hit the orc. The orc misses you. 😕 HP[+1]
Okay, then.
You hit the orc.
You kill the orc!
You hit the orc.
The orc hits you with a +0 mace. 😕 HP[-3]
You take 3 damage, and now have 16/21 hp.
You closely miss the orc. You hit the orc. Your bite misses the orc.
The orc barely misses you. 😕 HP[+1]
You hit the orc.
You kill the orc!
You hit the orc but do no damage. The orc barely misses you.
You hit the orc. You bite the orc.
The orc hits you with a +0 mace. 😮 HP[-6]
You take 6 damage, and now have 11/21 hp.
MASSIVE DAMAGE!! (PAUSE)
You hit the orc but do no damage. Your bite misses the orc.
The orc closely misses you.
You barely miss the orc. The orc hits you with a +0 mace!
* * * LOW HITPOINT WARNING * * *
😱 HP[-7]
You take 7 damage, and now have 4/21 hp.
MASSIVE DAMAGE!! (PAUSE)
You begin bloodletting.
You continue bloodletting. x2
The orc wizard gestures at you while chanting.
Keep bloodletting?
You resist with some effort.
You continue bloodletting.
The orc wizard hits you with a +0 dagger.
* * * LOW HITPOINT WARNING * * *
You continue bloodletting.
The orc wizard gestures at you while chanting.
You are confused.
You continue bloodletting.
The orc wizard casts a spell at you. The puff of flame hits you.
You die...

Skill      XL: |  1  2 |
---------------+-------+-----
Stealth        | 5 |  5.6
Short Blades   | 2 |  2.0
Dodging        | |  2.8
Spellcasting   | |  2.0
Hexes          | |  4.4

Action                   || total
-------------------------++-------
Melee: Dagger            ||   118
       Bite              ||    16
       Punch             ||     1
Throw: Stone             ||     2
 Abil: Exsanguinate      ||     2
       Revivify          ||     1
 Stab: Sleeping          ||    10
Armor: Robe              ||    10
       Leather armour    ||     3
Dodge: Dodged            ||    74

Levels and vault maps discovered:
D:1:      ldierk_walled_garden_2, layout_basic
D:2:      layout_basic, basic_ecumenical_altar, basic_altar,
          kennysheep_generic_room_2
D:3:      layout_basic, serial_aquarium, aquarium_bridge_square
          [aquarium_subvault_bridge, aquarium_subvault_bridge,
          aquarium_subvault_wall, aquarium_subvault_bridge],
          aquarium_bridge_island_small [aquarium_subvault_small_water,
          aquarium_subvault_wall, aquarium_subvault_bridge,
          aquarium_subvault_bridge, aquarium_subvault_window],
          aquarium_window_corner, aquarium_window_1, aquarium_window_1,
          aquarium_view_2d

Notes
Turn   | Place    | Note
-------+----------+-------------------------------------------
     0 | D:1      | Faeu the Vampire Enchanter began the quest for the Orb.
     0 | D:1      | Reached XP level 1. HP: 13/13 MP: 3/3
     0 | D:1      | magus.rc [v1.9.6]
    69 | D:1      | You pick up a book of Decay and begin reading...
    69 | D:1      | You add the spells Corpse Rot, Dispel Undead and Death
                  | Channel to your library.
    87 | D:1      | Reached XP level 2. HP: 19/19 MP: 5/5
   195 | D:1      | Reached skill level 5 in Stealth
   345 | D:1      | Reached skill level 2 in Short Blades
   531 | D:1      | Gained mutation: You are afflicted with vampirism and can
                  | become a bat while bloodless. [Vampire growth]
   531 | D:1      | Reached XP level 3. HP: 21/21 MP: 6/6
   762 | D:2      | You fall into a shaft and drop 1 floor!
   781 | D:3      | HP: 4/21 [orc/+0 mace (8)]
   787 | D:3      | Killed from afar by an orc wizard

Vanquished Creatures
  A dart slug (D:1)
  2 orcs (D:3)
  5 ball pythons (D:1)
  2 endoplasms (D:1)
  A giant cockroach (D:1)
  2 goblins (D:1)
  6 hobgoblins (D:1)
  2 jackals (D:1)
  A bat (D:1)
  2 frilled lizards
  3 kobolds (D:1)
  2 rats (D:1)
29 creatures vanquished.

Vanquished Creatures (others)
  4 toadstools (D:1)
4 creatures vanquished.

Grand Total: 33 creatures vanquished

Table legend:
 A = Non-vault XP
 B = Vault XP
 C = Vault XP percentage of total XP
 D = Non-vault monster count
 E = Vault monster count
 F = Vault count percentage of total count
                 A         B        C        D         E       F
            +---------+---------+-------+---------+---------+-------
      Total |      54 |       0 |   0.0 |      29 |       0 |   0.0
            +---------+---------+-------+---------+---------+-------
        D:1 |      47 |       0 |   0.0 |      26 |       0 |   0.0
        D:2 |       1 |       0 |   0.0 |       1 |       0 |   0.0
        D:3 |       6 |       0 |   0.0 |       2 |       0 |   0.0
            +---------+---------+-------+---------+---------+-------

Illustrated notes

Table legend:
 A = Kills in this place as a percentage of kills in entire the game.
 B = Kills by you in this place as a percentage of kills by you in the entire game.
 C = Kills by friends in this place as a percentage of kills by friends in the entire game.
 D = Other kills in this place as a percentage of other kills in the entire game.
 E = Experience gained in this place as a percentage of experience gained in the entire game.
 F = Experience gained in this place divided by the number of levels of this place that you have seen.
                   A       B       C       D       E      F
               +-------+-------+-------+-------+-------+----------------------
         Total | 100.0 | 100.0 |   N/A |   N/A | 100.0 |  18.0
       Dungeon | 100.0 | 100.0 |   N/A |   N/A | 100.0 |  18.0
               +-------+-------+-------+-------+-------+----------------------

Table legend: (Time is in decaauts)
 A = Elapsed time spent in this place.
 B = Non-inter-level travel time spent in this place.
 C = Inter-level travel time spent in this place.
 D = Time resting spent in this place.
 E = Time spent auto-exploring this place.
 F = Levels seen in this place.
 G = Mean time per level.
                   A        B        C        D        E       F      G
               +--------+--------+--------+--------+--------+-----+--------+
         Total |    776 |    756 |     20 |     24 |    359 |   3 |  258.7 |
       Dungeon |    776 |    756 |     20 |     24 |    359 |   3 |  258.7 |
               +--------+--------+--------+--------+--------+-----+--------+

Top non-repeatable levels by time:
     D:1: 738 daAuts
     D:3: 23 daAuts
     D:2: 14 daAuts
